 Dungeon Sprint DCSS version 0.30-a0-719-gcc4359ea44 (webtiles) character file.

Game seed: 9071979935127304945

27 CrazyBamboolord the Covered (level 2, -14/29 HPs)
             Began as a Minotaur Fighter on Jan 26, 2023.
             Demolished by an ogre
             ... wielding a +0 giant club
              (22 damage)
             ... in the Dungeon (Sprint I: "Red Sonja").
             The game lasted 00:00:26 (57 turns).

CrazyBamboolord the Covered (Minotaur Fighter)        Turns: 57, Time: 00:00:27

Health: -14/29     AC:  7    Str: 20    XL:     2   Next: 93%
Magic:  1/1        EV:  9    Int:  5    God:
Gold:   0          SH:  4    Dex:  9    Spells: 1/1 levels left

rFire   . . .      SeeInvis .    a - +0 flail
rCold   . . .      Faith    .    c - +0 buckler
rNeg    . . .      Spirit   .    b - +0 scale mail
rPois   .          Reflect  .    (helmet restricted)
rElec   .          Harm     .    (no cloak)
rCorr   .          Rampage  .    (no gloves)
Will    .....      NoTele   +    (no boots) Stlth
                                 (no amulet)
HPRegen 0.24/turn                (no ring)
MPRegen 0.07/turn                (no ring)

@: no status effects
A: horns 2, retaliatory headbutt
a: no special abilities


You were in the Dungeon.
You visited 1 branch

Inventory:

Hand Weapons
 a - a +0 flail (weapon)
Armour
 b - a +0 scale mail (worn)
 c - a +0 buckler (worn)
Scrolls
 j - a scroll of blinking
Potions
 d - a potion of might
 e - a potion of curing
 g - a potion of haste
 h - 2 potions of magic
 i - a potion of berserk rage


   Skills:
 * Level 5.2 Fighting
 * Level 3.7 Maces & Flails
 * Level 5.3 Armour
 * Level 5.0 Shields


You had one spell level left.
You didn't know any spells.
Your spell library was empty.

Dungeon Overview and Level Annotations

Branches:
Dungeon (1/1)

Altars:


Innate Abilities, Weirdness & Mutations

You have a pair of horns on your head.
You reflexively headbutt those who attack you in melee.


Message History

Ijyb is heavily wounded.
Ijyb hits you with a +0 dagger. Ijyb screams, "I cut your head off!"
Ijyb barely misses you.
You sock Ijyb! Your headbutt misses Ijyb.
Ijyb is almost dead.
Ijyb hits you with a +0 dagger.
You closely miss Ijyb. Your headbutt misses Ijyb.
Ijyb is almost dead.
Ijyb hits you with a +0 dagger.
You barely miss Ijyb.
Ijyb is almost dead.
Ijyb hits you but does no damage. Ijyb hits you with a +0 dagger.
You hit Ijyb.
Ijyb is almost dead.
Ijyb hits you but does no damage.
You sock Ijyb!
You kill Ijyb!
Your Fighting skill gained 2 levels and is now at level 5!
Your Maces & Flails skill increases to level 3!
Your Armour skill gained 2 levels and is now at level 5!
Your Shields skill gained 2 levels and is now at level 5!
You have reached level 2!
Things that are here:
a +0 dagger; a +0 leather armour; the goblin corpse of Ijyb You start resting.
HP restored.
No target in view!
You open the door.
An ogre comes into view. It is wielding a +0 giant club.
The ogre shouts!
You barely miss the ogre.
The ogre hits you with a +0 giant club!!
Ouch! That really hurt!
* * * LOW HITPOINT WARNING * * *
You sock the ogre!
The ogre is moderately wounded.
The ogre hits you with a +0 giant club!!
Ouch! That really hurt!
You die...

##########
#<.#.@O..#
#..').#..+
#..#### +#
#..# #..#
#..# #⌠⌠#
####


You could see an ogre.

Vanquished Creatures
  Ijyb (D)
1 creature vanquished.

Notes
Turn   | Place    | Note
-------+----------+-------------------------------------------
     0 | D        | CrazyBamboolord the Minotaur Fighter began the quest for
                  | the Orb.
     0 | D        | Reached XP level 1. HP: 19/19 MP: 0/0
     1 | D        | Noticed Ijyb
    21 | D        | Killed Ijyb
    22 | D        | Reached skill level 5 in Fighting
    22 | D        | Reached skill level 5 in Armour
    22 | D        | Reached skill level 5 in Shields
    22 | D        | Reached XP level 2. HP: 21/29 MP: 1/1
    54 | D        | Noticed an ogre
    57 | D        | Demolished by an ogre

Illustrated notes

Levels and vault maps discovered:
D:        dungeon_sprint_1 [red_sonja_temple_1, red_sonja_temple_small_1]

Skill      XL: |  1 |
---------------+----+-----
Fighting       | 5 |  5.2
Maces & Flails | 3 |  3.7
Armour         | 5 |  5.3
Shields        | 5 |  5.0

Action                     || total
---------------------------++-------
  Melee: Flail             ||    20
         Headbutt          ||     3
    Use: Potion            ||     1
 Armour: Scale mail        ||     7
  Dodge: Dodged            ||     5
  Block: Buckler           ||     1

Table legend: (Time is in decaauts)
 A = Elapsed time spent in this place.
 B = Non-inter-level travel time spent in this place.
 C = Inter-level travel time spent in this place.
 D = Time resting spent in this place.
 E = Time spent auto-exploring this place.
 F = Levels seen in this place.
 G = Mean time per level.
                   A        B        C        D        E       F      G
               +--------+--------+--------+--------+--------+-----+--------+
         Total |     63 |     63 |      0 |     29 |      0 |   1 |   63.0 |
       Dungeon |     63 |     63 |      0 |     29 |      0 |   1 |   63.0 |
               +--------+--------+--------+--------+--------+-----+--------+

Top non-repeatable levels by time:
       D: 63 daAuts
